Unix NetHack Version 5.0.0-0 post-release - last build Jun 10 2026 00:39:30 (3ee93aec679c4c4259841fe613dc97188e26a321,branch:main).

Game began 2026-06-12 15:56:26, ended 2026-06-12 17:17:07.

IanCurtis, chaotic male elven Wizard

                                                               ---+--
                                                          #####.....|
 ---------     -------------                              #   #|....|
 |.......+ #   |...........|        --------             ##  ##.(....#
 |.......|  ###............|        |......|    -----   ##  ###------#
 |........###  |............#       |......-####....|  ##     #      #
 -----|---     |...........|#       |......|    |...| ##      #      #
      #        |...........|#       |......|    |..>.##       #      #
      #        --------.----#       --.-----    |...|##  -----#      #
      #                #    #   #######         ----- #  |*...#     ##
  #####                #    #   #                    ##  |...|      #------
 -|---               ###    #  ##                     #  |.).|      #.....|
 |....###    --------.--    #  #                      ###|...|       |..<.|
 |...|  #####%.%.......|    #--.---------               #-...|       |....|
 |a..|       |.........|    #|.^......*.|                -----       ------
 |@>.|       |.........-#####|.......^..|
 -----       -----------    #...*^*.)...|
                             ------------

IanCurtis the Conjurer    St:9 Dx:16 Co:14 In:16 Wi:14 Ch:7  Chaotic
Dlvl:3  $:102 HP:0(41) Pw:44(69) AC:8  Xp:5 T:2442  Hungry  

Latest messages:
 Welcome to experience level 5.
 In what direction? l
 The spell hits the large kobold!
 You kill the large kobold!
 There is a doorway here.
 You see here a gnome corpse.
 You see here a large kobold corpse.
 There is a doorway here.
 You see here a gnome corpse.
 You descend the stairs.
 There is a branch staircase up to the Dungeons of Doom here.
 You see here a dagger.
 The gnome lord hits!
 The gnome throws a thonged club!
 The thonged club hits the hobbit.
 In what direction? l
 The spell hits the hobbit!
 You kill the hobbit!
 The spell hits the gnome!
 You kill the gnome!
 The gnome lord hits!
 In what direction? h
 The spell hits the dwarf!
 You kill the dwarf!
 The gnome lord hits!
 The gnome hits!
 In what direction? l
 The spell hits the gnome lord!
 The gnome lord hits!
 You hit the gnome lord!
 The gnome hits!
 You hit the gnome lord!
 The gnome lord hits!
 The gnome hits!
 You hit the gnome lord.
 The gnome lord hits!
 The gnome lord picks up a thonged club.
 The gnome hits!
 You climb up the stairs.
 What do you want to eat? [f or ?*] <space>
 Never mind.
 You stop searching.
 In what direction? k
 The spell misses the giant ant.
 In what direction? k
 The spell misses the giant ant.
 The giant ant bites!
 The giant ant bites!
 You die...
 Do you want your possessions identified? [ynq] (y) q

Inventory:
 Coins    ('$')
  $ - 102 gold pieces
 Weapons  (')')
  N - a +0 dagger
  a - a blessed +3 quarterstaff (weapon in hands)
 Armor    ('[')
  r - an uncursed +0 orcish helm (being worn)
  x - an uncursed +0 cloak of magic resistance (being worn)
 Comestibles  ('%')
  f - an uncursed lembas wafer
 Rings    ('=')
  e - an uncursed +1 ring of gain constitution
  d - an uncursed ring of invisibility
  K - an uncursed ring of warning
 Wands    ('/')
  q - a wand of death (0:6)
  c - a wand of opening (0:6)
 Tools    ('(')
  b - an uncursed sack containing 19 items
  o - an uncursed bugle
  n - a magic marker (0:22)

Contents of the sack:
  an uncursed scroll of identify
  an uncursed scroll of blank paper
  a cursed scroll of blank paper
  an uncursed scroll of enchant weapon
  a cursed scroll of enchant weapon
  an uncursed spellbook of cause fear
  an uncursed spellbook of detect monsters
  a blessed spellbook of force bolt
  an uncursed spellbook of magic missile
  an uncursed potion of confusion
  a blessed potion of gain ability
  an uncursed potion of monster detection
  a blessed potion of blindness
  a blessed potion of healing
  an uncursed potion of healing
  an uncursed potion of gain energy
  an uncursed potion of invisibility
  an uncursed potion of see invisible
  2 potions of holy water

IanCurtis the Wizard's attributes:

Background:
 You were a Conjurer, a level 5 male elven Wizard.
 You were chaotic, on a mission for Anhur
 who was opposed by Ptah (lawful) and Thoth (neutral).
 You were right-handed.
 You were in the Dungeons of Doom, on level 3.
 You entered the dungeon 2442 turns ago.
 You had 191 experience points, 129 more were needed to attain level 6.

Basics:
 You had 0 out of 41 hit points.
 You had 44 out of 69 energy points (spell power).
 Your armor class was 8.
 Your wallet contained 102 zorkmids.
 Autopickup was off.

Final Characteristics:
 Your strength was 9 (limit:18).
 Your dexterity was 16 (limit:18).
 Your constitution was 14 (limit:16).
 Your intelligence was 16 (limit:20).
 Your wisdom was 14 (limit:20).
 Your charisma was 7 (limit:18).

Final Status:
 You were hungry.
 You were unencumbered.
 You were wielding a quarterstaff.
 You had basic skill with quarterstaff.

Final Attributes:
 You were piously aligned.
 You were magic-protected.
 You were sleep resistant.
 You were poison resistant.
 You were telepathic.
 You had infravision.
 You were warded.
 You were lucky.
 You are dead.

Miscellaneous:
 You didn't encounter any bones levels.
 Total elapsed playing time was 17 minutes and 36 seconds.

Major events:
 Turn
    1: IanCurtis the chaotic male elven Wizard entered the dungeon
  742: entered the Gnomish Mines
 1002: attained the rank of Conjurer (level 3)
 2442: killed by a giant ant

Spells:
 Name                 Level Category     Fail Retention
 force bolt             1   attack         0%   81%-90%
 cause fear             3   enchantment    0%   81%-90%
 detect monsters        1   divination     0%  76%-100%
 magic missile          2   attack         0%   81%-90%

Skills:
 Fighting Skills
   bare handed combat [Unskilled]
   riding             [Unskilled]
 Weapon Skills
   dagger             [Unskilled]
   knife              [Unskilled]
   axe                [Unskilled]
   short sword        [Unskilled]
   club               [Unskilled]
   mace               [Unskilled]
   quarterstaff       [Basic]
   polearms           [Unskilled]
   spear              [Unskilled]
   trident            [Unskilled]
   sling              [Unskilled]
   dart               [Unskilled]
   shuriken           [Unskilled]
 Spellcasting Skills
   attack spells      [Basic]
   healing spells     [Unskilled]
   divination spells  [Unskilled]
   enchantment spells [Basic]
   clerical spells    [Unskilled]
   escape spells      [Unskilled]
   matter spells      [Unskilled]

Voluntary challenges:
 Character rerolling was not enabled.
 You never genocided any monsters.
 You never polymorphed an object.
 You used no wishes.
Achievements:
 You entered the Gnomish Mines.
 You attained the rank of Conjurer.

 The Dungeons of Doom: levels 1 to 5
    Level 1: "vault"
       Some fountains, a grave.
    Level 2:
       A fountain.
    Level 3: <- You were here.
       Stairs down to The Gnomish Mines.
       Final resting place for
          you, killed by a giant ant.
    Level 4:
       An altar to Anhur.
    Level 5:
 The Gnomish Mines:
    Level 4:


Vanquished creatures:
  2 giant ants
  a floating eye
  a kitten
  2 dwarves
  a kobold leader
  2 wererats
 an iguana
  a hobbit
  a large kobold
  2 hobgoblins
  4 giant rats
  2 cave spiders
  a brown mold
  2 yellow molds
  3 gnomes
  2 gnome zombies
  3 jackals
  2 goblins
  6 grid bugs
  a bat
  a lichen
  a kobold zombie
  7 newts
49 creatures vanquished.

No species were genocided or became extinct.

Game over:
                       ----------
                      /          \
                     /    REST    \
                    /      IN      \
                   /     PEACE      \
                  /                  \
                  |    IanCurtis     |
                  |      102 Au      |
                  |   killed by a    |
                  |    giant ant     |
                  |                  |
                  |                  |
                  |       2026       |
                 *|     *  *  *      | *
        _________)/\\_//(\/(/\)/\//\/|_)_______

Goodbye IanCurtis the Wizard...

You died in The Dungeons of Doom on dungeon level 3 with 1056 points,
and 102 pieces of gold, after 2442 moves.
You were level 5 with a maximum of 41 hit points when you died.

